 Dungeon Crawl Stone Soup version 0.30.0-11-gf55b779eaf (webtiles) character file.

Game seed: 11613633623483021683

719 Twinkles the Slasher (level 7, -3/81 HPs)
             Began as a Demonspawn Gladiator on May 16, 2023.
             Killed by divine providence
             ... invoked by an orc priest
              (9 damage)
             ... on level 6 of the Dungeon.
             The game lasted 00:10:52 (3997 turns).

Twinkles the Slasher (Demonspawn Gladiator)         Turns: 3997, Time: 00:10:52

Health: -3/81      AC: 11    Str: 14    XL:     7   Next: 42%
Magic:  7/7        EV: 12    Int: 15    God:
Gold:   212        SH:  0    Dex: 17    Spells: 6/6 levels left

rFire   . . .        f - +1 dagger (venom)
rCold   . . .        (no shield)
rNeg    . . .        u - +5 ring mail of Ignis's Scorn {rElec}
rPois   .            (helmet restricted)
rElec   +            (no cloak)
rCorr   .            z - +0 pair of gloves
SInv    .            (no boots)
Will    .....        (no amulet) Stlth
                     p - +6 ring of intelligence
HPRegen 0.33/turn    (no ring)
MPRegen 0.10/turn

%: no passive effects
@: berserking, very quick
A: claws 1, horns 1, ignite blood 1, weakness stinger 1
a: no special abilities


You were on level 6 of the Dungeon.
You visited 1 branch of the dungeon, and saw 6 of its levels.

You collected 212 gold pieces.

Inventory:

Hand Weapons
 a - a +0 long sword
 f - a +1 dagger of venom (weapon)
 i - a +2 vampiric dagger
Missiles
 d - 5 throwing nets
 e - 5 javelins
 j - 6 curare-tipped darts
 k - 2 poisoned darts
 v - 3 silver boomerangs
 A - 6 boomerangs (quivered)
Armour
 b - a +0 leather armour
 c - a +0 helmet
 u - the +5 ring mail of Ignis's Scorn (worn) {rElec}
   (You found it on level 3 of the Dungeon)

   rElec:     It insulates you from electricity.
 z - a +0 pair of gloves (worn)
Jewellery
 p - a +6 ring of intelligence (left hand)
 x - a ring of wizardry
Scrolls
 h - a scroll of immolation {unknown}
 o - a scroll of poison
 r - 3 scrolls of enchant armour
 y - a scroll of fog {unknown}
 S - a scroll of summoning
 Z - 2 scrolls of identify
Potions
 g - a potion of degeneration {unknown}
 l - a potion of flight {unknown}
 m - a potion of resistance {unknown}
 n - a potion of ambrosia {unknown}
 q - a potion of heal wounds {unknown}
 t - a potion of brilliance {unknown}
 w - a potion of attraction {unknown}
 B - a potion of invisibility {unknown}
 M - 2 potions of might
 T - a potion of berserk rage


   Skills:
 + Level 4.2 Fighting
 + Level 4.3 Long Blades
 + Level 3.8 Throwing
 + Level 4.3 Dodging
 + Level 2.9 Stealth


You had 6 spell levels left.
You didn't know any spells.
Your spell library contained the following spells:

 Spells                   Type           Power      Damage    Failure   Level
 Apportation              Tloc           0%         N/A       50%         1
 Magic Dart               Conj           0%         1d3       50%         1
 Necrotise                Necr           0%         1d4       50%         1
 Summon Small Mammal      Summ           0%         N/A       50%         1
 Call Imp                 Summ           0%         N/A       63%         2
 Ignite Poison            Fire/Tmut/Pois 0%         N/A       86%         3
 Mephitic Cloud           Conj/Pois/Air  0%         N/A       86%         3
 Sticky Flame             Conj/Fire      0%         2d3       99%         4
 Ignition                 Fire           0%         3d3       100%        8


Dungeon Overview and Level Annotations

Branches:
Dungeon (6/15) Zot: 26869
 Temple: D:4-7

Altars:

Annotations:
D:2 1 runed translucent door, Crazy Yiuf


Innate Abilities, Weirdness & Mutations

You have sharp fingernails.
You have a pair of small horns on your head.
Your demonic aura sometimes causes spilled blood to erupt in flames.
You have a small tail.


Message History

An orc comes into view. It is wielding a +0 mace.
Found a scale mail. 2 orc priests come into view.
An orc priest is wielding a +2 flail of draining. 2 orcs come into view.
The orc shouts! x2
You barely miss the orc.
The orc priest shouts!
The orc priest calls down the wrath of Beogh upon you.
Beogh smites you! The orc hits you with a +0 mace.
The orc priest invokes the aid of Beogh against you.
Beogh smites you! The orc misses you.
You barely miss the orc priest.
Your tail-slap misses the orc priest.
The orc priest hits you with a +0 whip. The orc hits you with a +0 mace.
The orc attacks as you move away! The orc hits you but does no damage.
Found a blue potion and 17 gold pieces.
The orc attacks as you move away! The orc misses you.
The orc priest invokes the aid of Beogh against you.
Beogh smites you! The orc barely misses you.
You hit the orc but do no damage.
The orc is poisoned.
Your headbutt misses the orc.
Your tail-slap misses the orc.
The orc closely misses you.
The orc priest invokes the aid of Beogh against you.
Beogh smites you!
* * * LOW HITPOINT WARNING * * *
You closely miss the orc priest.
A red film seems to cover your vision as you go berserk!
You feel yourself moving faster!
You feel mighty! The orc hits you with a +0 mace.
* * * LOW HITPOINT WARNING * * *
The orc priest mumbles some strange prayers to Beogh against you.
You struggle to resist.
You closely miss the orc. You tail-slap the orc.
The orc is severely wounded.
The orc closely misses you.
The orc priest invokes the aid of Beogh against you.
Beogh smites you!
You die...

...##..# ..###...#
.#.....#.## ...#####..##
.. ##. ##.#. ..# .. #...
... .# #... ...#.#####.#
#...
.......@o..##########...
######o##...............
......o....########..#~~
....$.o.#### ##....#>~#
.....!...# #..####.~~
##..##.#.######.## #.~≈
#..##.#o#......# ##~≈
...o[.#o.......## #≈≈
................# #≈≈


You could see 2 orc priests and 2 orcs.

Vanquished Creatures
  An ogre (D:4)
  A scorpion (D:5)
  A howler monkey (D:4)
  3 hounds
  2 jellies (D:4)
  A sleepcap (D:5)
  2 iguanas
  3 orc wizards
  5 adders
  4 dart slugs
  6 orcs
  7 ball pythons
  7 bats
  10 endoplasms
  2 giant cockroaches
  3 hobgoblins
  6 jackals
  5 quokkas
  7 frilled lizards
  10 goblins
  5 kobolds
  9 rats
100 creatures vanquished.

Vanquished Creatures (collateral kills)
  2 electric eels (D:6)
2 creatures vanquished.

Vanquished Creatures (others)
  2 orc wizards (D:5)
2 creatures vanquished.

Grand Total: 104 creatures vanquished

Notes
Turn   | Place    | Note
-------+----------+-------------------------------------------
     0 | D:1      | Twinkles the Demonspawn Gladiator began the quest for the
                  | Orb.
     0 | D:1      | Reached XP level 1. HP: 16/16 MP: 1/1
    89 | D:1      | HP: 5/16 [quokka (1)]
    90 | D:1      | Discovered your monstrous ancestry.
    90 | D:1      | Gained mutation: You have a small tail. [demonic ancestry]
    90 | D:1      | Reached XP level 2. HP: 8/22 MP: 2/2
   470 | D:1      | Gained mutation: You have a pair of small horns on your
                  | head. [demonic ancestry]
   470 | D:1      | Reached XP level 3. HP: 28/28 MP: 3/3
  1660 | D:2      | Found a runed translucent door.
  1661 | D:2      | Noticed Crazy Yiuf
  1853 | D:2      | Reached XP level 4. HP: 29/34 MP: 4/4
  1942 | D:3      | Identified the +5 ring mail of Ignis's Scorn {rElec}
  2258 | D:4      | Reached skill level 1 in Stealth
  2258 | D:4      | Gained mutation: Your demonic aura sometimes causes spilled
                  | blood to erupt in flames. [demonic ancestry]
  2258 | D:4      | Reached XP level 5. HP: 41/41 MP: 5/5
  2276 | D:4      | Noticed an ogre
  2299 | D:4      | Killed an ogre
  2300 | D:4      | Gained mutation: You have sharp fingernails. [demonic
                  | ancestry]
  2300 | D:4      | Reached XP level 6. HP: 47/47 MP: 6/6
  3076 | D:5      | Entered Level 5 of the Dungeon
  3266 | D:5      | Reached XP level 7. HP: 53/53 MP: 7/7
  3287 | D:5      | HP: 16/54 [poisoned by an orc wizard]
  3292 | D:5      | HP: 17/54 [something (4)]
  3989 | D:6      | HP: 17/54 [orc priest/divine providence (12)]
  3994 | D:6      | HP: 7/54 [orc priest/divine providence (11)]
  3997 | D:6      | Killed from afar by an orc priest

Illustrated notes

Levels and vault maps discovered:
D:1:      scummos_arrival_simple_crosswalls, layout_loops_ring
D:2:      layout_loops_ring, uniq_crazy_yiuf_cottage
D:3:      layout_rooms
D:4:      layout_loops_cross
D:5:      layout_loops_ring, minmay_a_box_with_orc_wizards_in_it
D:6:      layout_rooms, minmay_misc_feat_tower, minmay_crystal_water,
          minivault_14

Skill      XL: |  1  2  3  4  5  6  7 |
---------------+----------------------+-----
Throwing       | 2 3 |  3.8
Long Blades    | 3 4 |  4.3
Dodging        | 3 4 |  4.3
Fighting       | 3 4 |  4.2
Stealth        | 1 2 |  2.9

Action                     |  1- 3 |  4- 6 |  7- 9 || total
---------------------------+-------+-------+-------++-------
  Melee: Long sword        |   134 |   105 |    11 ||   250
         Tailslap          |    11 |    15 |     9 ||    35
         Headbutt          |     7 |    19 |    10 ||    36
         Punch             |       |     1 |       ||     1
         Dagger            |       |       |    32 ||    32
  Throw: Dart              |       |     3 |       ||     3
    Use: Potion            |       |       |     5 ||     5
         Scroll            |       |       |     4 ||     4
   Stab: Sleeping          |     1 |     1 |     1 ||     3
 Armour: Leather armour    |    48 |     2 |       ||    50
         Ring mail         |       |    48 |    27 ||    75
  Dodge: Dodged            |   107 |    80 |    19 ||   206
